 Dungeon Crawl Stone Soup version 0.15-a0-1081-gb32516e (webtiles) character file.

72 PolkaDot the Vexing (level 4, -5/30 HPs)
             Began as a Vampire Enchanter on May 28, 2014.
             Killed from afar by an orc wizard (9 damage)
             ... with a magic dart
             ... on Level 3 of the Dungeon.
             The game lasted 00:05:31 (2432 turns).

PolkaDot the Vexing (Vampire Enchanter)             Turns: 2432, Time: 00:05:31

HP  -5/30        AC  5     Str  8      XL: 4   Next:  6%
MP   4/7         EV 12     Int 14      God:
Gold 147         SH  0     Dex 14      Spells:  2 memorised,  4 levels left

rFire  + . .     SeeInvis +     a - +1 dagger
rCold  + + .     Clarity  .     b - +1 robe
rNeg   + + +     Conserve .     (no shield)
rPois  +         rCorr    .     (no helmet)
rElec  .         rRot     +     m - +0 cloak
SustAb .         Spirit   .     i - +0 pair of gloves
rMut   .         Warding  .     (no boots)
Gourm  .         Stasis   .     (no amulet)
MR     .....                    p - ring of protection from fire
                                o - -3 ring of intelligence

@: bloodless, non-regenerating, not resistant to hostile enchantments, fairly
stealthy
A: fangs 3, see invisible, unbreathing
a: Bat Form


You were on level 3 of the Dungeon.
You were bloodless.

You visited 1 branch of the dungeon, and saw 3 of its levels.

You collected 147 gold pieces.

Inventory:

Hand weapons
 a - a +1,+1 dagger (weapon)
Missiles
 d - 12 darts (quivered)
Armour
 b - a +1 robe (worn)
 f - a +0 pair of gloves
 i - a +0 pair of gloves (worn)
 m - a +0 cloak (worn)
Scrolls
 h - a scroll of magic mapping
 n - a scroll of identify
 q - a scroll of remove curse
Jewellery
 e - an uncursed ring of sustain abilities
 o - a -3 ring of intelligence (left hand)
 p - a ring of protection from fire (right hand)
Potions
 g - 2 potions of heal wounds {unknown}
 j - 2 potions of mutation {unknown}
 k - a potion of restore abilities {unknown}
 l - a potion of haste {unknown}
Books
 c - a book of Maledictions

   Spells                             Type                      Level
   *Corona                            Hexes                        1
   Sure Blade                         Hexes/Charms                 2
   *Ensorcelled Hibernation           Hexes/Ice                    2
   Confuse                            Hexes                        3
   Dazzling Spray                     Conjuration/Hexes            3
   Enslavement                        Hexes                        4


   Skills:
 - Level 2.1 Short Blades
 - Level 0.7 Throwing
 - Level 2.1 Dodging
 - Level 4.1 Stealth
 - Level 2.0 Spellcasting
 + Level 5.5 Hexes
 * Level 1.5 Ice Magic


You had 4 spell levels left.
You knew the following spells:

 Your Spells              Type           Power        Failure   Level  Hunger
a - Corona                Hex            ###....      2%          1    ##.....
d - Ensorcelled Hibernat  Hex/Ice        ##....       10%         2    ###....


Dungeon Overview and Level Annotations

Branches:
Dungeon (3/15)

Altars:


Innate Abilities, Weirdness & Mutations

You do not heal naturally.
You have razor-sharp teeth.*
You have supernaturally acute eyesight.
You can survive without breathing.*


Message History

The orc wizard drops an uncursed dagger.
The orc wizard picks up a mace.
The orc wizard wields a mace.
Read which item? (? for menu, Esc to quit)
As you read the scroll labeled GROIXO PNUM IFF, it crumbles to dust.
You feel as if something is helping you.
It was a scroll of remove curse.
The orc wizard points at you and mumbles some strange words.
The puff of flame hits you! You resist.
* * * LOW HITPOINT WARNING * * *
The orc wizard casts a spell at you. The puff of flame misses you.
The orc wizard casts a spell at you. The magic dart hits you!
* * * LOW HITPOINT WARNING * * *
The orc wizard completely misses you. The orc wizard completely misses you.
Found a slimy green potion.
The orc wizard gestures at you while chanting.
The magic dart hits you!
You die...

....(............ #.#
).............#.# #.#
.............##.###### #.#
###..................# #.#
.##...........##.###.#####.##
.##...........#....#.##.....#
.##...........#..#.#.##.#####
.##...........#..#.#......#
.###..........#.@#.#..#.#.#
.# #..........##o..#..#.#.#
..........###....###..#.# #
..........# ####.# #..#.#
..........# #.# #..#.#
..........# !.# #..#..
.####.### ### #..... ... ..##


You could see an orc wizard.

Vanquished Creatures
  3 adders (D:2)
  An ooze (D:2)
  3 orcs (D:3)
  2 bats (D:1)
  3 giant cockroaches
  5 goblins
  5 hobgoblins
  2 quokkas (D:3)
  2 ball pythons (D:1)
  2 giant geckos (D:1)
  2 giant newts
  5 kobolds
  9 rats
44 creatures vanquished.

Notes
Turn   | Place    | Note
--------------------------------------------------------------
     0 | D:1      | PolkaDot, the Vampire Enchanter, began the quest for the Orb.
     0 | D:1      | Reached XP level 1. HP: 13/13 MP: 3/3
   409 | D:1      | Reached XP level 2. HP: 8/19 MP: 4/4
   582 | D:1      | Learned a level 2 spell: Ensorcelled Hibernation
  1178 | D:2      | Reached XP level 3. HP: 16/24 MP: 0/6
  1518 | D:2      | Reached skill level 5 in Hexes
  1739 | D:2      | Reached skill level 1 in Ice Magic
  2407 | D:3      | Reached XP level 4. HP: 26/30 MP: 4/7
  2432 | D:3      | Killed from afar by an orc wizard

Action                   |  1- 3 |  4- 6 || total
-------------------------+-------+-------++-------
Melee: Dagger            |   157 |     6 ||   163
 Cast: Corona            |     3 |       ||     3
       Ensorcelled Hiber |    14 |     1 ||    15
  Use: Scroll            |     4 |     1 ||     5
 Stab: Sleeping          |    11 |     1 ||    12
